 Dungeon Crawl Stone Soup version 0.30-a0-737-gf23d94013f (webtiles) character file.

Game seed: 4869409876459432647

2508 cheesebisquit the Severer (level 9, -12/70 HPs)
             Began as a Minotaur Berserker on Feb 1, 2023.
             Was a Priest of Trog.
             Mangled by an orc warlord
             ... wielding a +4 battleaxe
              (20 damage)
             ... in a bailey.
             The game lasted 00:17:01 (4704 turns).

cheesebisquit the Severer (Minotaur Berserker)      Turns: 4704, Time: 00:17:02

Health: -12/70     AC: 16    Str: 26    XL:     9   Next: 28%
Magic:  0/8        EV:  7    Int:  4    God:    Trog [***...]
Gold:   260        SH:  0    Dex: 10    Spells: 8/8 levels left

rFire   . . .      SeeInvis .    G - +0 battleaxe
rCold   + + .      Faith    .    (shield currently unavailable)
rNeg    . . .      Spirit   +    j - +2 plate armour
rPois   .          Reflect  .    (helmet restricted)
rElec   .          Harm     .    (no cloak)
rCorr   .          Rampage  .    A - +2 pair of gloves {hurl}
Will    ++...                    (no boots) Stlth
                                 b - amulet of guardian spirit
HPRegen 1.31/turn                f - ring of protection from cold
MPRegen 0.11/turn                u - ring of protection from cold

@: mighty, strong-willed, on berserk cooldown, regenerating, slowed, very slow
A: horns 2, retaliatory headbutt
a: Renounce Religion, Berserk, Trog's Hand


You were in a bailey.
You worshipped Trog.
Trog was most pleased with you.
You visited 1 branch of the dungeon, and saw 7 of its levels.
You also visited: Bailey.

You collected 365 gold pieces.
You spent 105 gold pieces at shops.

Inventory:

Hand Weapons
 y - a +0 broad axe
 F - a +2 heavy flail
 G - a +0 battleaxe (weapon)
Missiles
 m - 4 poisoned darts (quivered)
Armour
 j - a +2 plate armour (worn)
 A - a +2 pair of gloves of hurling (worn)
Jewellery
 b - an amulet of guardian spirit (around neck)
 f - a ring of protection from cold (left hand)
 u - a ring of protection from cold (right hand)
Wands
 h - a wand of polymorph (4)
 n - a wand of charming (9)
 s - a wand of acid (3)
Scrolls
 a - a scroll of acquirement {unknown}
 c - a scroll of noise {unknown}
 i - a scroll of teleportation
 t - a scroll of enchant weapon {unknown}
 v - a scroll of magic mapping
 C - a scroll of poison {unknown}
 D - a scroll of immolation {unknown}
Potions
 d - a potion of attraction
 e - a potion of berserk rage {unknown}
 g - 2 potions of flight
 k - 2 potions of heal wounds {unknown}
 l - 2 potions of resistance
 p - a potion of might
 q - a potion of lignification {unknown}
 r - a potion of invisibility {unknown}
 w - 3 potions of mutation
 x - a potion of magic {unknown}
 z - a potion of ambrosia {unknown}
 B - 3 potions of haste {unknown}
 E - a potion of cancellation {unknown}


   Skills:
 - Level 3.6 Fighting
 + Level 15.1 Axes
 - Level 2.4 Armour
 - Level 2.1 Dodging


You had 8 spell levels left.
You didn't know any spells.
Your spell library was empty.

Dungeon Overview and Level Annotations

Branches:
Dungeon (7/15)             Temple (0/1) D:7          Bailey (1/1)

Altars:
Uskayaw
Vehumet
Xom

Shops:
D:4 (


Innate Abilities, Weirdness & Mutations

You have a pair of horns on your head.
You reflexively headbutt those who attack you in melee.


Message History

The orc warlord is lightly wounded.
The orc warlord no longer looks unusually strong.
The orc warlord hits you but does no damage.
You barely miss the orc warlord.
The orc warlord is lightly wounded.
The orc warrior no longer looks unusually strong.
The orc warlord roars a battlecry!
The orc warrior goes into a battle-frenzy!
The orc warlord hits you with a +4 battleaxe!
You slash the orc warlord!
The orc warlord is moderately wounded.
The orc warlord hits you but does no damage.
You slash the orc warlord!
The orc warlord is heavily wounded.
The orc warlord barely misses you. You furiously retaliate!
You headbutt the orc warlord!
The orc warlord hits you with a +4 battleaxe.
You slash the orc warlord! You headbutt the orc warlord!
The orc warlord is severely wounded.
The orc warrior no longer looks unusually strong.
The orc warlord hits you with a +4 battleaxe!!
* * * LOW HITPOINT WARNING * * *
You hit the orc warlord but do no damage.
You headbutt the orc warlord!
The orc warlord is severely wounded.
The orc warlord hits you with a +4 battleaxe!
* * * LOW HITPOINT WARNING * * *
You feel better.
The orc warlord roars a battlecry!
The orc warrior goes into a battle-frenzy!
The orc warlord hits you but does no damage.
Okay, then.
You feel very mighty all of a sudden.
The orc warlord hits you but does no damage.
You closely miss the orc warlord.
The orc warlord is severely wounded.
The orc warlord hits you with a +4 battleaxe!!
* * * LOW HITPOINT WARNING * * *
The orc warlord hits you with a +4 battleaxe!!
You die... ##).)..## ##.....## ##)####...........####'## ##.)...##.........##.....## #.......#.........#.......# ##.......##.......##.......## #.........# ..o.. #.........# ##.........## gog

##.........##
#.....⌠.....###o###.....⌠.....#
##.........##88@88##.........##
#.........#.......#.........#
##......)##.......##)).....##
#......)'.........')).....#
##.....##.........##.....##
#######.....⌠.....#######
##.........## #.........#
##.......##


You could see an orc warlord, 2 orc warriors, a gnoll and a hobgoblin.

Vanquished Creatures
  An orc knight (Bailey)
  Sigmund (D:5)
  Edmund (D:5)
  A black bear (D:5)
  6 orc warriors (Bailey)
  2 ogres
  2 necrophages
  A bullfrog (D:7)
  2 scorpions
  A howler monkey (D:4)
  2 orc priests (D:5)
  4 hounds
  2 jellies (D:5)
  An iguana (D:6)
  9 adders
  16 gnolls
  A white imp (D:6)
  4 ufetubi
  A worm (D:4)
  A dart slug (D:2)
  21 orcs
  10 ball pythons
  4 bats
  3 endoplasms
  3 giant cockroaches
  22 goblins
  8 hobgoblins
  2 jackals (D:2)
  3 kobolds
  A frilled lizard (D:3)
  A rat (D:1)
137 creatures vanquished.

Vanquished Creatures (others)
  2 plants (D:4)
2 creatures vanquished.

Grand Total: 139 creatures vanquished

Notes
Turn   | Place    | Note
-------+----------+-------------------------------------------
     0 | D:1      | cheesebisquit the Minotaur Berserker began the quest for
                  | the Orb.
     0 | D:1      | Reached XP level 1. HP: 19/19 MP: 0/0
   249 | D:1      | Reached skill level 4 in Axes
   406 | D:1      | Reached XP level 2. HP: 26/26 MP: 1/1
  1052 | D:2      | Reached skill level 5 in Axes
  1259 | D:2      | Identified the +1 robe of Kifuniom {Harm rC+}
  1447 | D:2      | Reached XP level 3. HP: 31/31 MP: 2/2
  1966 | D:3      | Found a faded altar of an unknown god.
  2033 | D:4      | Found Vaklunt's Antique Weapon Shoppe.
  2038 | D:4      | Reached skill level 6 in Axes
  2038 | D:4      | Reached XP level 4. HP: 39/39 MP: 3/3
  2041 | D:4      | Bought a war axe for 105 gold pieces
  2071 | D:4      | Reached ** piety under Trog
  2148 | D:4      | Found a radiant altar of Vehumet.
  2264 | D:4      | Reached skill level 7 in Axes
  2264 | D:4      | Reached XP level 5. HP: 45/45 MP: 2/4
  2359 | D:4      | Identified the +1 ring mail of Qazlal's Displeasure {Int+2}
  2579 | D:5      | Entered Level 5 of the Dungeon
  2600 | D:5      | Reached skill level 8 in Axes
  2600 | D:5      | Reached XP level 6. HP: 46/51 MP: 3/5
  2636 | D:5      | Found a hide-covered altar of Uskayaw.
  2726 | D:5      | Reached skill level 9 in Axes
  2782 | D:5      | Noticed Edmund
  2791 | D:5      | Killed Edmund
  2792 | D:5      | Reached XP level 7. HP: 57/57 MP: 6/6
  2841 | D:5      | Noticed Sigmund
  2853 | D:5      | Reached skill level 10 in Axes
  2889 | D:5      | Killed Sigmund
  3339 | D:5      | Reached skill level 11 in Axes
  3514 | D:6      | Reached XP level 8. HP: 64/64 MP: 7/7
  3791 | D:6      | Reached skill level 12 in Axes
  3846 | D:6      | Found a shimmering altar of Xom.
  4326 | D:7      | Found a flagged portal.
  4339 | Bailey   | Entered a bailey
  4380 | Bailey   | Reached skill level 13 in Axes
  4470 | Bailey   | Reached *** piety under Trog
  4517 | Bailey   | Reached skill level 14 in Axes
  4568 | Bailey   | Reached XP level 9. HP: 59/70 MP: 5/8
  4673 | Bailey   | Noticed an orc warlord
  4674 | Bailey   | Noticed an orc knight
  4694 | Bailey   | Killed an orc knight
  4695 | Bailey   | Reached skill level 15 in Axes
  4704 | Bailey   | Mangled by an orc warlord

Illustrated notes

Levels and vault maps discovered:
D:1:      dpeg_arrival_ternary, layout_loops_corners, minmay_shallow_snake_nest
D:2:      layout_loops_ring
D:3:      layout_basic, basic_ecumenical_altar
D:4:      layout_rooms, nicolae_vehumet_radiance, nicolae_stop_n_shop_1,
          guppyfry_early_lair_pool
D:5:      layout_gridville, general_overflow_altar, hangedman_decor_points,
          minmay_joined_circles, uniq_edmund, uniq_sigmund
D:6:      layout_loops_cross, xom_butterflies, minmay_liquid_box
D:7:      layout_basic, mainiacjoe_overflow_brackets,
          minmay_temple_entry_antechambers, serial_shops,
          nicolae_take_the_stairs, nzn_ghost_randoct, enter_bailey_3,
          mumra_transporter_accident
Bailey:   bailey_axe_minmay_hex_keep, bailey

Skill      XL: |  1  2  3  4  5  6  7  8  9 |
---------------+----------------------------+-----
Axes           | 4 5 6 7 8 9 11 14 15 | 15.1
Fighting       | |  3.6
Armour         | |  2.4
Dodging        | |  2.1

Action                     |  1- 3 |  4- 6 |  7- 9 || total
---------------------------+-------+-------+-------++-------
  Melee: Hand axe          |    62 |     2 |       ||    64
         Headbutt          |     1 |     9 |    29 ||    39
         War axe           |       |    42 |   127 ||   169
         Punch             |       |       |     1 ||     1
         Broad axe         |       |       |    40 ||    40
         Battleaxe         |       |       |    34 ||    34
  Throw: Dart              |       |       |    12 ||    12
 Invoke: Berserk           |     1 |     4 |     4 ||     9
         Trog's Hand       |       |     4 |     4 ||     8
    Use: Scroll            |     1 |     3 |     9 ||    13
         Potion            |       |       |     5 ||     5
 Armour: Animal skin       |     2 |       |       ||     2
         Ring mail         |    15 |    10 |    16 ||    41
         Leather armour    |     3 |       |       ||     3
         Plate armour      |       |       |    83 ||    83
  Dodge: Dodged            |    46 |    28 |    51 ||   125

Table legend: (Time is in decaauts)
 A = Elapsed time spent in this place.
 B = Non-inter-level travel time spent in this place.
 C = Inter-level travel time spent in this place.
 D = Time resting spent in this place.
 E = Time spent auto-exploring this place.
 F = Levels seen in this place.
 G = Mean time per level.
                   A        B        C        D        E       F      G
               +--------+--------+--------+--------+--------+-----+--------+
         Total |   4769 |   4540 |    229 |      1 |   3693 |   8 |  596.1 |
       Dungeon |   4397 |   4168 |    229 |      1 |   3472 |   7 |  628.1 |
        Bailey |    372 |    372 |      0 |      0 |    220 |   1 |  372.0 |
               +--------+--------+--------+--------+--------+-----+--------+

Top non-repeatable levels by time:
     D:5: 970 daAuts
     D:1: 949 daAuts
     D:6: 781 daAuts
     D:4: 558 daAuts
     D:2: 548 daAuts
     D:3: 546 daAuts
  Bailey: 372 daAuts
     D:7: 43 daAuts
